 Dungeon Crawl Stone Soup version 0.29.0-4-gdea44cf6ec (webtiles) character file.

Game seed: 11992212080971800549

108 qw the Chopper (level 4, -3/28 HPs)
             Began as a Gargoyle Berserker on Sept 9, 2022.
             Was a Believer of Trog.
             Slain by Natasha (7 damage)
             ... on level 3 of the Dungeon.
             The game lasted 00:00:52 (2413 turns).

qw the Chopper (Gargoyle Berserker)                 Turns: 2413, Time: 00:00:53

Health: -3/28      AC: 12    Str: 21 (22) XL:     4   Next: 87%
Magic:  4/4        EV: 10    Int:  8      God:    Trog [**....]
Gold:   109        SH:  3    Dex:  9      Spells: 3/3 levels left

rFire   . . .      SeeInvis .   c - +0 war axe
rCold   . . .      Faith    .   k - +0 buckler
rNeg    + . .      Spirit   .   j - +0 ring mail
rPois   inf        Reflect  .   f - +2 helmet
rElec   +          Harm     .   (no cloak)
rCorr   .          Rampage  .   (no gloves)
Will    .....                   (no boots)
Stlth   ..........              (no amulet)
HPRegen 0.09/turn               (no ring)
MPRegen 0.09/turn               (no ring)

@: on berserk cooldown, slowed, very slow
A: sickness immunity, AC +3, negative energy resistance 1, electricity
resistance, torment resistance 1, petrification resistance
a: Renounce Religion, Berserk, Trog's Hand


You were on level 3 of the Dungeon.
You worshipped Trog.
Trog was pleased with you.
You visited 1 branch of the dungeon, and saw 3 of its levels.

You collected 148 gold pieces.
You spent 39 gold pieces at shops.


Innate Abilities, Weirdness & Mutations

You are immune to sickness and miasma.
Your stone body is resilient. (AC +3)
You are immune to poison.
You resist negative energy. (rN+)
You are resistant to electric shocks. (rElec)
You are resistant to unholy torment.
You are immune to petrification.


   Skills:
 - Level 3.2 Fighting
 + Level 4.5 Axes
 - Level 2.1 Armour
 - Level 1.5 Dodging
 - Level 2.0 Shields


You had 3 spell levels left.
You didn't know any spells.
Your spell library was empty.

Inventory:

Hand Weapons
 a - a +0 morningstar
 c - a +0 war axe (weapon)
Armour
 e - a +0 chain mail
 f - a +2 helmet (worn)
 j - a +0 ring mail (worn)
 k - a +0 buckler (worn)
Scrolls
 d - a scroll of teleportation
Potions
 b - a potion of might
 g - a potion of lignification {unknown}
 h - a potion of heal wounds
 i - a potion of haste {unknown}
 m - 3 potions of curing
 n - a potion of brilliance {unknown}

Dungeon Overview and Level Annotations

Branches:
Dungeon (3/15)

Altars:

Shops:
D:1 [   D:2 (!(

Annotations:
D:3 Natasha


Message History

You feel troubled.
Natasha mumbles some strange words.
You barely miss the orc. x2
The orc hits you but does no damage. The orc hits you with a +0 trident.
You barely miss the orc. x2
The orc hits you but does no damage. x2
You barely miss the orc. You slash the orc!
You kill the orc!
Trog accepts your kill. The orc hits you with a +0 trident.
You slash the orc!
You kill the orc!
Trog accepts your kill.
You completely miss the frilled lizard. The frilled lizard closely misses you.
You barely miss the white imp. You barely miss the frilled lizard.
The white imp hits you but does no damage.
You block the frilled lizard's attack.
You closely miss the white imp. You barely miss the frilled lizard.
The white imp spits at you.
The white imp hits you but does no damage.
You barely miss the white imp. You slash the frilled lizard!
You kill the frilled lizard!
Trog accepts your kill.
You barely miss the white imp. The white imp gestures at you.
The puff of frost hits you.
You slash Natasha!
Natasha is severely wounded.
You barely miss the white imp.
The white imp hits you but does no damage.
Natasha completely misses you.
You closely miss Natasha.
Natasha is severely wounded.
You hit the white imp.
You are no longer berserk.
You are exhausted.
You feel yourself slow down. The white imp hits you. The white imp freezes you.
Natasha claws you!
You die...

#.#####.# #.
####.......# ##.
#..........# ##..
#...%....... . ...
#.....#+##.#
..###.. #.....#.##
# .>.....
#.....'...
......5###.....#.##
#...#h@.#.....#...
#....))....# ...
####.####### ...
...# #####


You could see Natasha and a white imp (summoned).

Vanquished Creatures
  An orc priest (D:3)
  A worm (D:2)
  2 dart slugs (D:1)
  7 orcs
  4 bats
  3 endoplasms
  4 giant cockroaches
  4 goblins
  4 hobgoblins
  5 quokkas
  2 ball pythons
  10 frilled lizards
  12 kobolds
  4 rats
63 creatures vanquished.

Vanquished Creatures (others)
  11 plants (D:2)
11 creatures vanquished.

Grand Total: 74 creatures vanquished

Notes
Turn   | Place    | Note
-------+----------+-------------------------------------------
     0 | D:1      | qw the Gargoyle Berserker began the quest for the Orb.
     0 | D:1      | Reached XP level 1. HP: 14/14 MP: 1/1
     0 | D:1      | 0 ||| qw: Version: 0.1-a-112-g44dc6cd
     0 | D:1      | 0 ||| qw: Game counter: 6877
     0 | D:1      | 0 ||| qw: Always use a shield: true
     0 | D:1      | 0 ||| qw: Do Orc after D:15 true
     0 | D:1      | 0 ||| qw: Do second Lair branch before Depths: true
     0 | D:1      | 0 ||| qw: Lair rune preference: random
     0 | D:1      | 0 ||| qw: Plans: Normal
     0 | D:1      | 0 ||| PLANNING D:1-11
   105 | D:1      | Reached skill level 3 in Axes
   176 | D:1      | Reached XP level 2. HP: 17/19 MP: 2/2
   238 | D:1      | 238 ||| Stepping ~*~*~tactically~*~*~ (stealth).
   274 | D:1      | Found Jisusues's Antique Armour Emporium.
   284 | D:1      | 284 ||| SHOPLISTING pair of gloves (108 gold, have 22).
   284 | D:1      | 284 ||| SHOPLISTING pair of runed boots (180 gold, have
                  | 22).
   284 | D:1      | 284 ||| SHOPLISTING plate armour (552 gold, have 22).
   284 | D:1      | 284 ||| SHOPLISTING scale mail (96 gold, have 22).
   580 | D:1      | Reached XP level 3. HP: 17/23 MP: 3/3
   730 | D:1      | 730 ||| UPGRADING to +0 leather armour.
   740 | D:1      | 740 ||| DROPPING +0 animal skin.
   741 | D:1      | 741 ||| UPGRADING to +0 ring mail.
   751 | D:1      | 751 ||| DROPPING +0 leather armour.
   752 | D:1      | 752 ||| UPGRADING to +0 buckler.
   757 | D:1      | 757 ||| READING scroll labelled UMOMICVICU.
   758 | D:1      | 758 ||| READING scroll labelled IDEEL XOTURR.
   759 | D:1      | 759 ||| READING scroll labelled REUTHR MAIKHLAD.
   764 | D:1      | 764 ||| READING scroll labelled SORPHI YREIBLECH.
   765 | D:1      | 765 ||| DRINKING 2 ruby potions.
   984 | D:2      | 984 ||| INVOKING Berserk.
   987 | D:2      | Reached skill level 1 in Shields
  1240 | D:2      | Found Qoxt's Weapon Shop.
  1302 | D:2      | Reached skill level 4 in Axes
  1349 | D:2      | 1349 ||| Stepping ~*~*~tactically~*~*~ (stealth).
  1354 | D:2      | 1354 ||| Stepping ~*~*~tactically~*~*~ (stealth).
  1377 | D:2      | 1377 ||| Stepping ~*~*~tactically~*~*~ (stealth).
  1379 | D:2      | Reached ** piety under Trog
  1484 | D:2      | 1484 ||| Stepping ~*~*~tactically~*~*~ (stealth).
  1486 | D:2      | 1486 ||| Stepping ~*~*~tactically~*~*~ (stealth).
  1577 | D:2      | Found Patozxet's Distillery.
  1589 | D:2      | 1589 ||| BUYING potion of curing (39 gold).
  1589 | D:2      | Bought a potion of curing for 39 gold pieces
  1589 | D:2      | 1589 ||| SHOPLISTING potion of resistance (130 gold, have
                  | 38).
  1641 | D:2      | Found Upratas's Antique Weapon Shop.
  1661 | D:2      | 1661 ||| SHOPLISTING glowing whip (99 gold, have 70).
  1720 | D:2      | Reached XP level 4. HP: 28/28 MP: 4/4
  1920 | D:2      | 1920 ||| UPGRADING to +2 helmet.
  1925 | D:2      | 1925 ||| READING 3 scrolls labelled KAROME WAKOFYJ.
  2026 | D:2      | 2026 ||| READING scroll labelled EREUMA ZASUMP.
  2027 | D:2      | 2027 ||| DRINKING 2 lumpy green potions.
  2028 | D:2      | 2028 ||| DRINKING 2 lumpy purple potions.
  2029 | D:2      | 2029 ||| DROPPING 2 scrolls of silence.
  2030 | D:2      | 2030 ||| DROPPING potion of degeneration.
  2075 | D:3      | 2075 ||| Stepping ~*~*~tactically~*~*~ (stealth).
  2076 | D:3      | 2076 ||| STAIRDANCE
  2081 | D:3      | 2081 ||| STAIRDANCE
  2086 | D:3      | 2086 ||| STAIRDANCE
  2091 | D:3      | 2091 ||| STAIRDANCE
  2097 | D:3      | 2097 ||| STAIRDANCE
  2104 | D:3      | 2104 ||| STAIRDANCE
  2228 | D:2      | 2228 ||| DROPPING +0 mace.
  2236 | D:3      | 2236 ||| INVOKING Berserk.
  2384 | D:3      | 2384 ||| SWAPPING to +0 war axe.
  2389 | D:3      | 2389 ||| DROPPING +0 hand axe.
  2393 | D:3      | 2393 ||| Stepping ~*~*~tactically~*~*~ (hiding).
  2397 | D:3      | Noticed Natasha
  2401 | D:3      | 2401 ||| INVOKING Berserk.
  2413 | D:3      | HP: 4/28 [white imp[Natasha] (5)]
  2413 | D:3      | Slain by Natasha

Levels and vault maps discovered:
D:1:      dpeg_arrival_chambers_temple_mockup, layout_basic, serial_shops,
          shop_statue
D:2:      layout_loops_corners, serial_shops, nicolae_shop_statue_plus, shop,
          nicolae_shop_bloodbath_and_beyond, lexackson_kobold_supper
D:3:      layout_basic, nicolae_tso_swordbearing_angel, marbit_many_paths,
          mainiacjoe_overflow_alcove_1, fedhas_altar_2, uniq_natasha

Skill      XL: |  1  2  3  4 |
---------------+-------------+-----
Axes           | 3 4 |  4.5
Shields        | 1 2 |  2.0
Fighting       | |  3.2
Armour         | |  2.1
Dodging        | |  1.5

Action                   |  1- 3 |  4- 6 || total
-------------------------+-------+-------++-------
Melee: Hand axe          |    97 |    30 ||   127
       War axe           |       |    18 ||    18
Throw: Boomerang         |    55 |     2 ||    57
Invok: Berserk           |     1 |     2 ||     3
  Use: Scroll            |     4 |     2 ||     6
       Potion            |     1 |     2 ||     3
Armor: Animal skin       |    18 |       ||    18
       Ring mail         |    42 |    21 ||    63
Dodge: Dodged            |    53 |    31 ||    84
Block: Buckler           |     6 |     8 ||    14

Table legend:
 A = Non-vault XP
 B = Vault XP
 C = Vault XP percentage of total XP
 D = Non-vault monster count
 E = Vault monster count
 F = Vault count percentage of total count
                 A         B        C        D         E       F
            +---------+---------+-------+---------+---------+-------
      Total |     147 |       8 |   5.2 |      55 |       8 |  12.7
            +---------+---------+-------+---------+---------+-------
        D:1 |      40 |       0 |   0.0 |      21 |       0 |   0.0
        D:2 |      45 |       8 |  15.1 |      26 |       8 |  23.5
        D:3 |      62 |       0 |   0.0 |       8 |       0 |   0.0
            +---------+---------+-------+---------+---------+-------
